 Dungeon Crawl Stone Soup version 0.29.0-7-g18a832c13a (webtiles) character file.

Game seed: 4903417671012888966

322 Colgate the Insei (level 6, -3/38 HPs)
             Began as an Octopode Transmuter on Aug 30, 2022.
             Was a Follower of Uskayaw.
             Slain by a scorpion (5 damage)
             ... on level 4 of the Dungeon.
             The game lasted 00:12:05 (4036 turns).

Colgate the Insei (Octopode Transmuter)             Turns: 4036, Time: 00:12:05

Health: -3/38      AC:  2    Str:  9    XL:     6   Next: 47%
Magic:  4/9        EV: 19    Int: 17    God:    Uskayaw [*.....]
Gold:   132        SH:  0    Dex: 18    Spells: 3/9 levels left

rFire   + . .      SeeInvis .     - Unarmed
rCold   . . .      Faith    .   (shield currently unavailable)
rNeg    . . .      Spirit   .   (helmet currently unavailable)
rPois   x          Reflect  .   (no amulet)
rElec   .          Harm     .   h - ring of protection from fire
rCorr   +          Rampage  .   k - ring of resist corrosion
Will    .....                   (no ring)
Stlth   ++........              (no ring)
HPRegen 0.12/turn               (no ring)
MPRegen 0.11/turn               (no ring)
                                (no ring)
                                (no ring)

@: lethally poisoned (-3 -> -31), spider-form, wereblooded
A: venomous fangs, almost no armour, (amphibious), 8 rings, tiny, (camouflage
1), (gelatinous body 1), (nimble swimmer 1), (tentacles)
a: End Transformation, Renounce Religion, Stomp


You were on level 4 of the Dungeon.
You worshipped Uskayaw.
Uskayaw was noncommittal.
You were a venomous arachnid creature.
You visited 1 branch of the dungeon, and saw 4 of its levels.

You collected 220 gold pieces.
You spent 88 gold pieces at shops.

Inventory:

Missiles
 b - 2 curare-tipped darts
Jewellery
 h - a ring of protection from fire (left front leg)
 k - a ring of resist corrosion (right front leg)
Scrolls
 i - a scroll of poison
Potions
 a - 2 potions of lignification
 c - 2 potions of degeneration {unknown}
 d - 3 potions of heal wounds {@q2}
 e - 4 potions of curing {@q1}
 f - a potion of invisibility {unknown}
 g - a potion of resistance {unknown}
 j - 2 potions of mutation {unknown}
 l - a potion of magic {unknown}
 m - a potion of brilliance {unknown}


   Skills:
 + Level 1.1 Fighting
 - Level 2.0 Dodging
 - Level 5.2 Unarmed Combat
 - Level 2.0 Spellcasting
 - Level 4.5 Transmutations
 - Level 2.2 Poison Magic


You had 3 spell levels left.
You knew the following spells:

 Your Spells              Type           Power      Damage    Failure   Level
a - Beastly Appendage     Tmut           34%        N/A       11%         1
b - Wereblood             Tmut           17%        N/A       14%         2
c - Spider Form           Tmut/Pois      13%        N/A       32%         3

Your spell library contained the following spells:

 Spells                   Type           Power      Damage    Failure   Level
 Magic Dart               Conj           4%         1d3       38%         1
 Call Imp                 Summ           1%         N/A       50%         2
 Mephitic Cloud           Conj/Pois/Air  4%         N/A       61%         3
 Ice Form                 Ice/Tmut       9%         N/A       78%         4


Dungeon Overview and Level Annotations

Branches:
Dungeon (4/15)
 Temple: D:4-7

Altars:
Uskayaw

Shops:
D:2 !


Innate Abilities, Weirdness & Mutations

You are a venomous arachnid creature.
You have poisonous fangs.
You are tiny and dextrous.
Your spellcasting is less reliable in this form.
Your armour is entirely melded.
You are incapable of wielding weapons or throwing items.
You cannot wear most types of armour.
((You are amphibious.))
You can wear up to eight rings at the same time.
((Your skin changes colour to match your surroundings (Stealth+).))
((Your rubbery body absorbs attacks. (AC +1, EV +1)))
((You are camouflaged when in or above water. (Stealth+)))
((You have tentacles for arms and can constrict up to eight enemies at once.))


Message History

A dart slug is nearby!
A dart slug is nearby!
A scorpion comes into view.
There are monsters nearby!
There are monsters nearby!
You tentacle-slap the dart slug. You grab the dart slug.
You constrict the dart slug.
There are monsters nearby!
Casting: Spider Form (quite dangerous; 14% risk of failure)
Your blood is infused with primal strength.
You constrict the dart slug. The dart slug bites you.
Casting: Wereblood (safe; 4% risk of failure)
You turn into a venomous arachnid creature.
You lose your grip on the dart slug.
The scorpion closely misses you. The dart slug launches a dart at you.
The slug dart misses you.
You barely miss the scorpion.
The scorpion stings you but does no damage.
You hit the scorpion but do no damage. The scorpion stings you.
You are poisoned.
The scorpion poisons you! The dart slug launches a dart at you.
The slug dart misses you.
You hit the scorpion.
You feel very sick. The scorpion stings you.
You are lethally poisoned!
The scorpion poisons you! The dart slug launches a dart at you.
The slug dart hits you. The scorpion misses you.
You hit the scorpion.
* * * LOW HITPOINT WARNING * * *
You feel extremely sick. The scorpion completely misses you.
You hit the scorpion but do no damage.
The scorpion is poisoned.
* * * LOW HITPOINT WARNING * * *
You feel extremely sick.
The dart slug briefly extends its eye-stalks.
The dart slug closely misses you. The scorpion stings you.
You die...

#.........
#.........
#.........
#.........
#..........
######.>.........
#)....sw.......[.
#.....s.........
#...............
#...............
#...............
#..................
#.........#........
...........#####...#
.#.......#.# #....
#..#.####.# #..###
.#


You could see a scorpion (very poisoned) and a dart slug.

Vanquished Creatures
  Sigmund (D:2)
  An orc priest (D:3)
  An orc wizard (D:3)
  Robin (D:2)
  An adder (D:3)
  A worm (D:3)
  3 dart slugs
  5 orcs (D:3)
  3 ball pythons
  4 bats
  5 endoplasms
  12 goblins
  8 hobgoblins
  5 jackals
  A quokka (D:3)
  A frilled lizard (D:2)
  5 kobolds
  3 rats
61 creatures vanquished.

Notes
Turn   | Place    | Note
-------+----------+-------------------------------------------
     0 | D:1      | Colgate the Octopode Transmuter began the quest for the
                  | Orb.
     0 | D:1      | Reached XP level 1. HP: 13/13 MP: 3/3
   681 | D:1      | Reached XP level 2. HP: 18/18 MP: 5/5
   778 | D:1      | Learned a level 2 spell: Wereblood
  1001 | D:2      | Found Wadeum Nenia's Distillery.
  1016 | D:2      | Noticed Robin
  1275 | D:2      | Killed Robin
  1276 | D:2      | Reached skill level 4 in Unarmed Combat
  1276 | D:2      | Reached XP level 3. HP: 19/23 MP: 1/6
  1826 | D:2      | Found a hide-covered altar of Uskayaw.
  1866 | D:2      | Became a worshipper of Uskayaw the Reveller
  1985 | D:2      | Reached * piety under Uskayaw
  2373 | D:2      | Bought a potion of heal wounds for 55 gold pieces
  2373 | D:2      | Bought a potion of curing for 33 gold pieces
  2761 | D:2      | Reached XP level 4. HP: 28/28 MP: 7/7
  2849 | D:3      | Found a faded altar of an unknown god.
  2959 | D:3      | Reached ** piety under Uskayaw
  2962 | D:3      | Reached *** piety under Uskayaw
  2964 | D:3      | Reached skill level 5 in Unarmed Combat
  2964 | D:3      | Reached **** piety under Uskayaw
  2967 | D:3      | Reached ***** piety under Uskayaw
  2973 | D:3      | Reached XP level 5. HP: 24/33 MP: 6/8
  2977 | D:3      | Learned a level 3 spell: Spider Form
  3094 | D:3      | Noticed Sigmund
  3651 | D:2      | Killed Sigmund
  3652 | D:2      | Reached XP level 6. HP: 11/38 MP: 5/9
  4036 | D:4      | Slain by a scorpion

Illustrated notes

Levels and vault maps discovered:
D:1:      lightli_arrival_isolated_outpost, layout_basic
D:2:      minmay_door_path, layout_basic, serial_shops, nicolae_square_shop,
          basic_altar, uniq_robin
D:3:      layout_basic, dreamdust_ecumenical_altar_statues, uniq_sigmund
D:4:      layout_rooms

Skill      XL: |  1  2  3  4  5 |
---------------+----------------+-----
Unarmed Combat | 4 5 |  5.2
Poison Magic   | 2 |  2.2
Transmutations | 4 |  4.5
Fighting       | |  1.1
Dodging        | |  2.0
Spellcasting   | |  2.0

Action                   |  1- 3 |  4- 6 || total
-------------------------+-------+-------++-------
Melee: Unarmed           |    83 |    61 ||   144
       Constrict         |    19 |    12 ||    31
       Tentacles         |    15 |     6 ||    21
       Kick              |     8 |     6 ||    14
       Punch             |     4 |     3 ||     7
 Cast: Beastly Appendage |     5 |     2 ||     7
       Wereblood         |     2 |     3 ||     5
       Spider Form       |       |     5 ||     5
 Abil: End Transformatio |       |     1 ||     1
  Use: Scroll            |       |     1 ||     1
 Stab: Sleeping          |     6 |     1 ||     7
       Paralysed         |       |     1 ||     1
Armor: Skin              |     5 |     4 ||     9
Dodge: Dodged            |    58 |    29 ||    87
